 Dungeon Crawl Stone Soup version 0.31-a0-544-gceb718ecc6 (webtiles) character file.

Game seed: 6308199678836506741

24413 Maratek the Blocker (level 13, -2/104 HPs)
             Began as a Gnoll Fighter on Aug 15, 2023.
             Was a High Priest of Cheibriados.
             Slain by a 14-headed hydra (10 damage)
             ... on level 14 of the Dungeon.
             The game lasted 00:32:44 (10803 turns).

Maratek the Blocker (Gnoll Fighter)                Turns: 10803, Time: 00:32:45

Health: -2/104     AC: 28    Str: 34    XL:     13   Next: 13%
Magic:  20/22      EV: 15    Int: 19    God:    Cheibriados [*****.]
Gold:   547        SH:  8    Dex: 23    Spells: 27/28 levels left

rFire   . . .        q - +1 war axe of Impermanence {elec, rPois}
rCold   + . .        c - +0 buckler
rNeg    . . .        t - +8 chain mail {rC+}
rPois   +            (no helmet)
rElec   .            v - +0 cloak
rCorr   .            (no gloves)
SInv    .            s - +2 pair of boots
Will    .....        a - amulet of Vitality {RegenMP++ Regen++}
Stlth   ++           z - +4 ring of slaying
HPRegen 1.97/turn    E - +4 ring of protection
MPRegen 0.98/turn

%: no passive effects
@: very slow
A: fangs 1, strong nose, distributed training, talons 1, low MP 1, wild magic 1,
MP-powered wands
a: Renounce Religion, Bend Time, Temporal Distortion, Slouch, Step From Time


You were on level 14 of the Dungeon.
You worshipped Cheibriados.
Cheibriados was extremely pleased with you.
You visited 2 branches of the dungeon, and saw 14 of its levels.
You also visited: Sewer.

You collected 547 gold pieces.

Inventory:

Hand Weapons
 q - the +1 war axe of Impermanence (weapon) {elec, rPois}
   (You found it on level 5 of the Dungeon)

   rPois:     It protects you from poison
Missiles
 r - a throwing net
Armour
 c - a +0 buckler (worn)
 s - a +2 pair of boots (worn)
 t - a +8 chain mail of cold resistance (worn)
 v - a +0 cloak (worn)
Jewellery
 a - the amulet of Vitality (around neck) {RegenMP++ Regen++}
   (You acquired it on level 6 of the Dungeon)

   [amulet of magic regeneration]

   RegenMP:   It increases your rate of magic regeneration.
   Regen++:   It increases your rate of health regeneration.
 y - an amulet of guardian spirit
 z - a +4 ring of slaying (left hand)
 E - a +4 ring of protection (right hand)
 I - a +4 ring of protection
Wands
 n - a wand of polymorph (9)
 p - a wand of flame (40)
 F - a wand of light (2)
 G - a wand of roots (12)
Scrolls
 g - 4 scrolls of poison
 j - 3 scrolls of fear
 m - 3 scrolls of noise
 o - a scroll of brand weapon
 w - a scroll of silence
 A - 2 scrolls of vulnerability
 B - a scroll of enchant armour
 H - a scroll of amnesia
 K - a scroll of revelation {unknown}
 L - 2 scrolls of identify
Potions
 f - 4 potions of enlightenment
 h - 3 potions of curing
 k - a potion of cancellation {unknown}
 l - a potion of mutation
 u - 2 potions of brilliance {unknown}
 x - a potion of attraction {unknown}
 C - a potion of lignification {unknown}
 J - a potion of ambrosia {unknown}
 M - 2 potions of invisibility {unknown}


   Skills:
 + Level 10.5 Fighting
 + Level 8.1 Short Blades
 + Level 8.1 Long Blades
 + Level 9.4 Axes
 + Level 8.1 Maces & Flails
 + Level 8.1 Polearms
 + Level 8.1 Staves
 + Level 8.1 Ranged Weapons
 + Level 8.1 Throwing
 + Level 10.5 Armour
 + Level 8.1 Dodging
 + Level 8.1 Stealth
 + Level 10.5 Shields
 + Level 8.1 Unarmed Combat
 + Level 8.1 Spellcasting
 + Level 6.8 Conjurations
 + Level 6.8 Hexes
 + Level 6.8 Summonings
 + Level 6.8 Necromancy
 + Level 6.8 Translocations
 + Level 6.8 Transmutations
 + Level 6.8 Fire Magic
 + Level 6.8 Ice Magic
 + Level 6.8 Air Magic
 + Level 6.8 Earth Magic
 + Level 6.8 Poison Magic
 + Level 8.9 Invocations
 + Level 8.1 Evocations
 + Level 6.8 Shapeshifting


You had 27 spell levels left.
You knew the following spells:

 Your Spells              Type           Power      Damage    Failure   Level
a - Necrotise             Necr           100%       1d9       3%          1

Your spell library contained the following spells:

 Spells                   Type           Power      Damage    Failure   Level
 Cigotuvi's Dreadful Rot  Necr/Pois/Air  86%        N/A       4%          2
 Poisonous Vapours        Pois/Air       86%        N/A       4%          2
 Scorch                   Fire           86%        2d8       4%          2
 Wereblood                Tmut           43%        N/A       4%          2
 Ignite Poison            Fire/Tmut/Pois 43%        N/A       8%          3
 Mephitic Cloud           Conj/Pois/Air  43%        N/A       8%          3
 Vampiric Draining        Necr           43%        2d9       8%          3
 Vhi's Electric Charge    Tloc/Air       86%        N/A       8%          3
 Dispel Undead            Necr           43%        3d17      24%         4
 Flame Wave               Conj/Fire      43%        2d11      24%         4
 Sticky Flame             Conj/Fire      43%        2d6       24%         4
 Agony                    Necr           43%        N/A       52%         5
 Arcjolt                  Conj/Air       21%        1d31      52%         5
 Freezing Cloud           Conj/Ice/Air   21%        6-21      52%         5
 Irradiate                Conj/Tmut      21%        3d18      52%         5
 Conjure Ball Lightning   Conj/Air       21%        3x3d6     97%         6
 Death Channel            Necr           21%        N/A       97%         6
 Plasma Beam              Fire/Air       21%        2x1d33    97%         6
 Summon Cactus Giant      Summ           21%        N/A       97%         6
 Discord                  Hex            21%        N/A       100%        8
 Disjunction              Tloc           21%        N/A       100%        8
 Ignition                 Fire           21%        3d8       100%        8
 Maxwell's Capacitive Co  Air            21%        ∞         100%        8


Dungeon Overview and Level Annotations

Branches:
Dungeon (14/15)            Temple (1/1) D:5            Lair (0/5) D:9
    Orc (0/2) D:9          Vaults (0/5) D:13          Sewer (visited)

Altars:
Ashenzari
Cheibriados
Fedhas
Gozag
Hepliaklqana
Kikubaaqudgha
Makhleb
Nemelex Xobeh
Okawaru
Qazlal
Ru
Sif Muna
Trog
Uskayaw
Vehumet
Xom
Yredelemnul
Zin
The Shining One

Shops:
D:9 *

Annotations:
D:2 1 runed translucent door, Crazy Yiuf
D:8 2 transporters
D:14 Agnes, Roxanne


Innate Abilities, Weirdness & Mutations

You have very sharp teeth.
Your uncanny sense of smell can sniff out nearby items.
Your experience applies equally to all skills.
You have sharp toenails.
Your magical capacity is low. (-10% MP)
Your spells are a little harder to cast, but a little more powerful.
You expend magic power (3 MP) to strengthen your wands.


Message History

You slice the large slime creature!!
The large slime creature is lightly wounded.
You slice the large slime creature!!
Lightning courses through the large slime creature!
The large slime creature is heavily wounded.
You chop one of the 13-headed hydra's heads off!
The 12-headed hydra grows two more!
You slice the 14-headed hydra!!
The 14-headed hydra bites you but does no damage.
The 14-headed hydra completely misses you.
The 14-headed hydra bites you! You block the 14-headed hydra's attack.
The 14-headed hydra bites you but does no damage. x2
The 14-headed hydra closely misses you. The 14-headed hydra misses you.
You block the 14-headed hydra's attack.
The 14-headed hydra bites you but does no damage.
The 14-headed hydra bites you.
* * * LOW HITPOINT WARNING * * *
The 14-headed hydra bites you.
* * * LOW HITPOINT WARNING * * *
The 14-headed hydra bites you!
* * * LOW HITPOINT WARNING * * *
The 14-headed hydra bites you but does no damage.
Aiming: Polymorph
Press: ? - help, Q - select action, (/) - cycle Shift-Dir - straight line, f - 14-headed hydra
Aim: a 14-headed hydra (black smoke, heavily wounded, will become a ghost moth, a broodmother, or an anaconda, chance to affect: 40%)
You feel a surge of power!
The 14-headed hydra resists with some effort.
The 14-headed hydra bites you.
* * * LOW HITPOINT WARNING * * *
The 14-headed hydra bites you but does no damage.
The 14-headed hydra closely misses you.
The 14-headed hydra bites you but does no damage. x2
You block the 14-headed hydra's attack. The 14-headed hydra misses you.
The 14-headed hydra bites you but does no damage.
The 14-headed hydra completely misses you.
The 14-headed hydra bites you!
* * * LOW HITPOINT WARNING * * *
The 14-headed hydra bites you but does no damage. x2
The 14-headed hydra completely misses you.
The 14-headed hydra bites you!
You die...

#############
#...........# ########
#...........# #.......
#......8....### #.......
#...........'.# #.......
#...........#D###...§...
#....§§§§§..#........###
#....§§§D§..#####....###
#....§§@§§..# #...##~~
#######J##### #####~~~
..# #~~. #J## #~~. #.
#~~. #. #~~~ #. ##~~ #.
###


You could see a 14-headed hydra, a large slime creature and a slime creature.

Vanquished Creatures
  Frances (D:13)
  An entropy weaver (shapeshifter) (D:14)
  A hydra (D:13)
  A catoblepas (D:13)
  An ogre mage (D:13)
  2 boulder beetles
  2 centaur warriors
  4 two-headed ogres
  A deep troll earth mage (D:13)
  Nergalle (D:11)
  3 ugly things
  3 cyclopes (D:13)
  A deep elf pyromancer (D:12)
  A gargoyle (D:10)
  3 komodo dragons
  5 trolls
  5 slime creatures (D:14)
  4 wyverns
  5 wraiths
  18 yaks
  3 basilisks
  2 vampire mosquitoes (D:13)
  2 acid dragons
  A water moccasin (D:6)
  4 orc warriors
  2 ice beasts
  A black bear (D:8)
  A meliai simulacrum (D:13)
  2 ogres
  A centaur (D:6)
  A phantom (D:6)
  5 kobold brigands
  2 gnoll sergeants
  A bullfrog (D:8)
  9 scorpions
  11 wights
  5 killer bees (D:8)
  9 howler monkeys
  A hound (D:5)
  13 orc priests
  3 jellies
  A sleepcap (D:6)
  5 iguanas
  18 orc wizards
  8 gnolls
  6 adders
  4 river rats (Sewer)
  A shadow imp (D:5)
  3 white imps
  An ufetubus (D:5)
  3 worms
  A dart slug (D:3)
  57 orcs
  2 endoplasms
  2 giant cockroaches
  4 hobgoblins
  4 quokkas
  4 ball pythons
  12 bats
  3 frilled lizards
  8 goblins
  28 kobolds
  4 rats
321 creatures vanquished.

Vanquished Creatures (collateral kills)
  2 orcs (D:8)
  A kobold (D:8)
3 creatures vanquished.

Grand Total: 324 creatures vanquished

Notes
Turn   | Place    | Note
-------+----------+-------------------------------------------
     0 | D:1      | Maratek the Gnoll Fighter began the quest for the Orb.
     0 | D:1      | Reached XP level 1. HP: 23/23 MP: 1/1
   346 | D:1      | Reached XP level 2. HP: 19/29 MP: 2/2
   660 | D:1      | Reached XP level 3. HP: 34/35 MP: 3/3
   997 | D:2      | Reached skill level 1 in Invocations
  1120 | D:2      | Found a faded altar of an unknown god.
  1148 | D:2      | Reached skill level 1 in Short Blades
  1148 | D:2      | Reached skill level 1 in Long Blades
  1148 | D:2      | Reached skill level 1 in Maces & Flails
  1148 | D:2      | Reached skill level 1 in Polearms
  1148 | D:2      | Reached skill level 1 in Staves
  1148 | D:2      | Reached skill level 1 in Ranged Weapons
  1148 | D:2      | Reached skill level 1 in Throwing
  1148 | D:2      | Reached skill level 1 in Dodging
  1148 | D:2      | Reached skill level 1 in Stealth
  1148 | D:2      | Reached skill level 1 in Unarmed Combat
  1148 | D:2      | Reached skill level 1 in Spellcasting
  1148 | D:2      | Reached skill level 1 in Evocations
  1243 | D:2      | Reached XP level 4. HP: 41/41 MP: 5/5
  1478 | D:2      | Found a runed translucent door.
  1479 | D:2      | Noticed Crazy Yiuf
  1925 | D:3      | You fall into a shaft and drop 3 floors!
  1947 | D:6      | Noticed a centaur
  1955 | D:6      | Killed a centaur
  1956 | D:6      | Reached skill level 1 in Conjurations
  1956 | D:6      | Reached skill level 1 in Hexes
  1956 | D:6      | Reached skill level 1 in Summonings
  1956 | D:6      | Reached skill level 1 in Necromancy
  1956 | D:6      | Reached skill level 1 in Translocations
  1956 | D:6      | Reached skill level 1 in Transmutations
  1956 | D:6      | Reached skill level 1 in Fire Magic
  1956 | D:6      | Reached skill level 1 in Ice Magic
  1956 | D:6      | Reached skill level 1 in Air Magic
  1956 | D:6      | Reached skill level 1 in Earth Magic
  1956 | D:6      | Reached skill level 1 in Poison Magic
  1956 | D:6      | Reached skill level 1 in Shapeshifting
  1956 | D:6      | Reached XP level 5. HP: 24/47 MP: 5/7
  2113 | D:5      | Entered Level 5 of the Dungeon
  2167 | D:5      | Reached XP level 6. HP: 53/53 MP: 8/8
  2177 | D:5      | Reached skill level 5 in Axes
  2259 | D:5      | Identified the +1 war axe of Impermanence {elec, rPois}
  2406 | D:5      | Found a staircase to the Ecumenical Temple.
  2478 | D:5      | Found a glowing drain.
  2505 | D:5      | Reached XP level 7. HP: 50/59 MP: 10/10
  2507 | Sewer    | Entered a sewer
  2649 | Sewer    | Found a white marble altar of Elyvilon.
  2978 | D:5      | Reached XP level 8. HP: 67/67 MP: 12/12
  3364 | Temple   | Entered the Ecumenical Temple
  3375 | Temple   | Became a worshipper of Cheibriados the Contemplative
  3796 | D:6      | Found a glowing golden altar of the Shining One.
  4104 | D:6      | Reached * piety under Cheibriados
  4255 | D:6      | Identified a scroll of acquirement
  4259 | D:6      | Acquired the amulet of Vitality {RegenMP++ Regen++}
  4259 | D:6      | Found the amulet of Vitality {RegenMP++ Regen++}
  4602 | D:6      | Reached XP level 9. HP: 69/73 MP: 14/14
  4680 | D:7      | Found a sacrificial altar of Ru.
  4682 | D:7      | Noticed a troll
  4691 | D:7      | Killed a troll
  4691 | D:7      | Reached ** piety under Cheibriados
  5101 | D:7      | Found a bloodstained altar of Trog.
  5110 | D:7      | Learned a level 1 spell: Necrotise
  5426 | D:8      | Found a radiant altar of Vehumet.
  5426 | D:8      | Found a glowing silver altar of Zin.
  5428 | D:8      | Found a blossoming altar of Fedhas.
  5429 | D:8      | Found a hazy altar of Hepliaklqana.
  5504 | D:8      | Found an ancient bone altar of Kikubaaqudgha.
  5505 | D:8      | Noticed a death knight
  5507 | D:8      | Found a basalt altar of Yredelemnul.
  5527 | D:8      | Found a transporter.
  5569 | D:8      | Reached skill level 5 in Invocations
  5587 | D:8      | Reached *** piety under Cheibriados
  5688 | D:8      | Reached XP level 10. HP: 75/80 MP: 17/17
  5757 | D:8      | Reached skill level 5 in Short Blades
  5757 | D:8      | Reached skill level 5 in Long Blades
  5757 | D:8      | Reached skill level 5 in Maces & Flails
  5757 | D:8      | Reached skill level 5 in Polearms
  5757 | D:8      | Reached skill level 5 in Staves
  5757 | D:8      | Reached skill level 5 in Ranged Weapons
  5757 | D:8      | Reached skill level 5 in Throwing
  5757 | D:8      | Reached skill level 5 in Dodging
  5757 | D:8      | Reached skill level 5 in Stealth
  5757 | D:8      | Reached skill level 5 in Unarmed Combat
  5757 | D:8      | Reached skill level 5 in Spellcasting
  5757 | D:8      | Reached skill level 5 in Evocations
  5801 | D:8      | Reached **** piety under Cheibriados
  6119 | D:8      | Found a transporter.
  6460 | D:9      | Found a broken altar of Ashenzari.
  6724 | D:9      | Reached XP level 11. HP: 74/86 MP: 19/19
  6730 | D:9      | Found Akkolad's Assorted Antiques.
  6814 | D:9      | Reached skill level 5 in Conjurations
  6814 | D:9      | Reached skill level 5 in Hexes
  6814 | D:9      | Reached skill level 5 in Summonings
  6814 | D:9      | Reached skill level 5 in Necromancy
  6814 | D:9      | Reached skill level 5 in Translocations
  6814 | D:9      | Reached skill level 5 in Transmutations
  6814 | D:9      | Reached skill level 5 in Fire Magic
  6814 | D:9      | Reached skill level 5 in Ice Magic
  6814 | D:9      | Reached skill level 5 in Air Magic
  6814 | D:9      | Reached skill level 5 in Earth Magic
  6814 | D:9      | Reached skill level 5 in Poison Magic
  6814 | D:9      | Reached skill level 5 in Shapeshifting
  6851 | D:9      | Reached ***** piety under Cheibriados
  6881 | D:9      | Found a staircase to the Lair.
  7065 | D:9      | Found a staircase to the Orcish Mines.
  7325 | D:10     | Entered Level 10 of the Dungeon
  7972 | D:10     | Found an opulent altar of Gozag.
  8373 | D:11     | Noticed a two-headed ogre
  8379 | D:11     | Killed a two-headed ogre
  8686 | D:11     | Noticed Nergalle
  8689 | D:11     | Noticed a boulder beetle
  8701 | D:11     | Killed Nergalle
  8720 | D:11     | Killed a boulder beetle
  8773 | D:11     | Noticed a cyan ugly thing
  8781 | D:11     | Killed a cyan ugly thing
  9175 | D:12     | Noticed a deep elf pyromancer
  9176 | D:12     | Noticed a two-headed ogre
  9178 | D:12     | Noticed a boulder beetle
  9182 | D:12     | Killed a two-headed ogre
  9183 | D:12     | Reached XP level 12. HP: 96/96 MP: 22/22
  9196 | D:12     | Killed a boulder beetle
  9513 | D:12     | Noticed a centaur warrior
  9576 | D:13     | Noticed Frances
  9591 | D:13     | Killed Frances
  9654 | D:13     | Noticed a two-headed ogre
  9654 | D:13     | Noticed a two-headed ogre
  9668 | D:13     | Killed a two-headed ogre
  9669 | D:13     | Reached skill level 10 in Fighting
  9669 | D:13     | Reached skill level 10 in Armour
  9669 | D:13     | Reached skill level 10 in Shields
  9669 | D:13     | Killed a two-headed ogre
  9700 | D:13     | Found a gate to the Vaults.
  9709 | D:13     | Noticed an ogre mage
  9712 | D:13     | Paralysed by an ogre mage for 2 turns
  9717 | D:13     | Paralysed by an ogre mage for 4 turns
  9722 | D:13     | Killed an ogre mage
  9750 | D:13     | Noticed a deep troll earth mage
  9753 | D:13     | Noticed a catoblepas
  9767 | D:13     | Killed a catoblepas
  9811 | D:13     | Killed a deep troll earth mage
  9827 | D:13     | Gained mutation: Your spells are a little harder to cast,
                  | but a little more powerful. [potion of mutation]
  9827 | D:13     | Gained mutation: You are dopey. (Int -2) [potion of
                  | mutation]
  9827 | D:13     | Gained mutation: You are vulnerable to heat. (rF-) [potion
                  | of mutation]
  9828 | D:13     | Lost mutation: You are dopey. (Int -2) [potion of mutation]
  9828 | D:13     | Lost mutation: You are vulnerable to heat. (rF-) [potion of
                  | mutation]
  9828 | D:13     | Gained mutation: Your magical capacity is low. (-10% MP)
                  | [potion of mutation]
  9828 | D:13     | Gained mutation: You expend magic power (3 MP) to
                  | strengthen your wands. [potion of mutation]
  9828 | D:13     | Gained mutation: You have sharp toenails. [potion of
                  | mutation]
  9862 | D:13     | Noticed a seven-headed hydra
  9870 | D:13     | Killed a 12-headed hydra
  9906 | D:13     | Noticed a centaur warrior
  9913 | D:13     | Killed a centaur warrior
 10340 | D:14     | Reached XP level 13. HP: 93/104 MP: 22/22
 10476 | D:14     | Noticed an entropy weaver
 10486 | D:14     | Killed an entropy weaver
 10601 | D:14     | Noticed Agnes
 10616 | D:14     | HP: 5/104 [Agnes/+4 vampiric lajatang (24)]
 10617 | D:14     | Found a shimmering blue altar of Sif Muna.
 10795 | D:14     | Noticed Roxanne
 10803 | D:14     | Slain by a 14-headed hydra

Illustrated notes

Levels and vault maps discovered:
D:1:      saegor_arrival_simple_d, layout_basic, minmay_octomino_c4
D:2:      layout_loops_cross, shapermc_ecumenical_altar_gd,
          nicolae_concentric_dashed_squares_wild, uniq_crazy_yiuf_cottage
D:3:      layout_basic, grunt_dithmenos_smoke,
          mainiacjoe_overflow_small_starburst, uniq_grinder
D:5:      layout_rooms, temple_doors_cd, cheibrodos_sewer_entry_drain,
          minmay_increasing_density
D:6:      layout_cave_pods, mainiacjoe_overflow_six_doors_small
D:7:      layout_loops_cross, mainiacjoe_overflow_boulevard,
          trog_three_pillars_becter
D:8:      layout_basic, gammafunk_temple_of_torment, grunt_temple_overflow_open,
          enter_bailey_3, nicolae_underground_beach
D:9:      old_forge, layout_cave_pools, mainiacjoe_overflow_tiny_flanked,
          erik_lair_dragon, hiddenorc1_lemuel, serial_shops, shop
D:10:     layout_loops_ring, grunt_gozag_breadcrumbs
D:11:     layout_stronghold, uniq_nergalle
D:12:     minmay_shrinking_squares, layout_rooms
D:13:     layout_cave_pools, david_vaults_2, kennysheep_four_rooms, uniq_frances
D:14:     layout_roguey [special_room_mythical_zoo], led_sif_pool, st_stairs_12,
          uniq_roxanne, uniq_agnes, uniq_lodul
Temple:   hellmonk_temple_two_chambers

Skill      XL: |  1  2  3  4  5  6  7  8  9 10 11 12 |
---------------+-------------------------------------+-----
Invocations    | 1 2 3 4 5 6 7 8 |  8.9
Short Blades   | 1 2 3 4 5 6 8 |  8.1
Long Blades    | 1 2 3 4 5 6 8 |  8.1
Maces & Flails | 1 2 3 4 5 6 8 |  8.1
Polearms       | 1 2 3 4 5 6 8 |  8.1
Staves         | 1 2 3 4 5 6 8 |  8.1
Ranged Weapons | 1 2 3 4 5 6 8 |  8.1
Throwing       | 1 2 3 4 5 6 8 |  8.1
Dodging        | 1 2 3 4 5 6 8 |  8.1
Stealth        | 1 2 3 4 5 6 8 |  8.1
Unarmed Combat | 1 2 3 4 5 6 8 |  8.1
Spellcasting   | 1 2 3 4 5 6 8 |  8.1
Evocations     | 1 2 3 4 5 6 8 |  8.1
Conjurations   | 1 2 3 4 5 6 |  6.8
Hexes          | 1 2 3 4 5 6 |  6.8
Summonings     | 1 2 3 4 5 6 |  6.8
Necromancy     | 1 2 3 4 5 6 |  6.8
Translocations | 1 2 3 4 5 6 |  6.8
Transmutations | 1 2 3 4 5 6 |  6.8
Fire Magic     | 1 2 3 4 5 6 |  6.8
Ice Magic      | 1 2 3 4 5 6 |  6.8
Air Magic      | 1 2 3 4 5 6 |  6.8
Earth Magic    | 1 2 3 4 5 6 |  6.8
Poison Magic   | 1 2 3 4 5 6 |  6.8
Shapeshifting  | 1 2 3 4 5 6 |  6.8
Axes           | 5 6 7 8 9 |  9.4
Fighting       | 7 8 9 10 | 10.5
Armour         | 7 8 9 10 | 10.5
Shields        | 7 8 9 10 | 10.5

Action                     |  1- 3 |  4- 6 |  7- 9 | 10-12 | 13-15 || total
---------------------------+-------+-------+-------+-------+-------++-------
  Melee: War axe           |    83 |    92 |   284 |   386 |    45 ||   890
         Bite              |     5 |     8 |    34 |    60 |     8 ||   115
         Unarmed           |       |       |       |     1 |       ||     1
   Cast: Necrotise         |       |       |     1 |    42 |       ||    43
 Invoke: Slouch            |       |       |       |     5 |     1 ||     6
  Evoke: Wand              |       |       |       |       |     1 ||     1
    Use: Potion            |       |       |     1 |     4 |     5 ||    10
         Scroll            |       |       |    10 |    11 |     6 ||    27
   Stab: Petrified         |       |       |       |     2 |       ||     2
         Petrifying        |       |       |       |     1 |       ||     1
         Sleeping          |       |       |       |       |     1 ||     1
 Armour: Scale mail        |    31 |    30 |    47 |       |       ||   108
         Chain mail        |       |       |   145 |   277 |    83 ||   505
  Dodge: Dodged            |    34 |    37 |   161 |   282 |    85 ||   599
  Block: Buckler           |    18 |    23 |    93 |   172 |    50 ||   356

Table legend: (Time is in decaauts)
 A = Elapsed time spent in this place.
 B = Non-inter-level travel time spent in this place.
 C = Inter-level travel time spent in this place.
 D = Time resting spent in this place.
 E = Time spent auto-exploring this place.
 F = Levels seen in this place.
 G = Mean time per level.
                   A        B        C        D        E       F      G
               +--------+--------+--------+--------+--------+-----+--------+
         Total |  14932 |  14209 |    723 |    845 |  10722 |  15 |  995.5 |
       Dungeon |  14665 |  13942 |    723 |    845 |  10572 |  13 | 1128.1 |
        Temple |     35 |     35 |      0 |      0 |      0 |   1 |   35.0 |
         Sewer |    231 |    231 |      0 |      0 |    150 |   1 |  231.0 |
               +--------+--------+--------+--------+--------+-----+--------+

Top non-repeatable levels by time:
     D:6: 1674 daAuts
    D:11: 1656 daAuts
     D:9: 1641 daAuts
     D:8: 1570 daAuts
    D:10: 1333 daAuts
    D:13: 1227 daAuts
     D:5: 1163 daAuts
     D:2: 1041 daAuts
     D:7: 937 daAuts
    D:12: 899 daAuts
     D:1: 839 daAuts
    D:14: 599 daAuts
   Sewer: 231 daAuts
     D:3: 79 daAuts
  Temple: 35 daAuts
